 Dungeon Crawl Stone Soup version 0.20.0-15-g7f486f2 (webtiles) character file.

35 Chiseanne the Magician (level 3, 6/24 HPs)
             Began as a Demonspawn Wizard on June 14, 2017.
             Quit the game on level 1 of the Dungeon.
             The game lasted 00:01:30 (891 turns).

Chiseanne the Magician (Demonspawn Wizard)           Turns: 891, Time: 00:01:31

Health: 6/24       AC:  4    Str:  7    XL:     3   Next: 16%
Magic:  4/8        EV: 12    Int: 20    God:
Gold:   5          SH:  0    Dex: 11    Spells: 8/9 levels left

rFire    . . .     SeeInvis .   a - +2 dagger (venom)
rCold    . . .     Gourm    .   (no shield)
rNeg     . . .     Faith    .   h - +0 robe
rPois    .         Spirit   .   b - +0 hat
rElec    .         Reflect  .   (no cloak)
rCorr    .         Harm     .   (no gloves)
MR       .....                  (no boots)
Stlth    ++........             (no amulet)
Regen    0.1/turn               (no ring)
MPRegen  0.2/turn               (no ring)

@: very slightly contaminated
A: iridescent scales 1, demonic guardian 1
a: no special abilities


You were on level 1 of the Dungeon.
You were not hungry.

You visited 1 branch of the dungeon, and saw 1 of its levels.

You collected 5 gold pieces.

Inventory:

Hand Weapons
 a - a +2 dagger of venom (weapon)
Missiles
 g - 28 arrows
Armour
 b - a +0 hat (worn)
 h - a +0 robe (worn)
Scrolls
 e - a scroll of teleportation {unknown}
 j - a scroll of enchant armour {unknown}
Books
 c - a book of Minor Magic

   Spells                             Type                      Level
   a - Magic Dart                     Conjuration                  1
   b - Blink                          Translocation                2
   c - Call Imp                       Summoning                    2
   d - Slow                           Hexes                        2
   e - Conjure Flame                  Conjuration/Fire             3
   f - Mephitic Cloud                 Conjuration/Poison/Air       3
Comestibles
 d - a bread ration
 i - a royal jelly


   Skills:
 - Level 1.7 Dodging
 - Level 1.7 Stealth
 * Level 3.6 Spellcasting
 * Level 2.2 Conjurations
   Level 1.0 Summonings
   Level 0.8 Translocations


You had 8 spell levels left.
You knew the following spells:

 Your Spells              Type           Power        Failure   Level  Hunger
a - Magic Dart            Conj           ##..         5%          1    None


Dungeon Overview and Level Annotations

Branches:
Dungeon (1/15)

Altars:


Innate Abilities, Weirdness & Mutations

You are partially covered in iridescent scales. (AC +2)
A weak demonic guardian rushes to your aid.


Message History

Press: ? - help, Shift-Dir - straight line, f/p - gnoll
Aim: a gnoll, wielding a club and wearing a leather armour You miscast Magic Dart.
You are very lightly contaminated with residual magic.
Your skin tingles.
You hit the gnoll.
The gnoll is poisoned.
The gnoll is moderately wounded.
The gnoll hits you with a club.
A dart slug comes into view.
You hit the gnoll but do no damage.
The gnoll looks as sick as possible!
The gnoll is moderately wounded.
The gnoll hits you with a club!
* * * LOW HITPOINT WARNING * * *
You kill the gnoll!
You have reached level 3!
Your experience leads to an increase in your attributes!
Increase (S)trength, (I)ntelligence, or (D)exterity?
You feel clever.
Your demonic ancestry asserts itself...
You feel the presence of a demonic guardian.
Are you sure you want to abandon this character and quit the game? (Confirm with "yes".)

.##.......#..# #. ###.......##.#
###########. # ##########.#
#.........#. # #.## #.#######.#.
# #..########.#.........
#############.##.........####..#.
.......................#......##.
##############.#.###.###.###.##..
# #..@# #.###.# #....# # #####..#
#.....# ###### # #.....)# #.#####
# #.####.# #.# #.# #.# #.# #.#
#..##.# #.# ##.##.# #. #.# ..#.#
#.#######[# ..#)#


There were no monsters in sight!

Vanquished Creatures
  A gnoll (D:1)
  3 goblins (D:1)
  3 hobgoblins (D:1)
  7 jackals (D:1)
  3 kobolds (D:1)
  A bat (D:1)
  4 rats (D:1)
22 creatures vanquished.

Notes
Turn   | Place    | Note
-------+----------+-------------------------------------------
     0 | D:1      | Chiseanne the Demonspawn Wizard began the quest for the Orb.
     0 | D:1      | Reached XP level 1. HP: 13/13 MP: 4/4
   467 | D:1      | Gained mutation: You are partially covered in iridescent scales. (AC +2) [demonic ancestry]
   467 | D:1      | Reached XP level 2. HP: 19/19 MP: 4/6
   890 | D:1      | Gained mutation: A weak demonic guardian rushes to your aid. [demonic ancestry]
   890 | D:1      | Reached XP level 3. HP: 6/24 MP: 4/8
   891 | D:1      | Quit the game

Skill      XL: |  1  2 |
---------------+-------+-----
Conjurations   | 2 |  2.2
Dodging        | |  1.7
Stealth        | |  1.7
Spellcasting   | |  3.6
Summonings     | |  1.0
Translocations | |  0.8

Action                   || total
-------------------------++-------
Melee: Club              ||     8
       Dagger            ||    28
 Cast: Magic Dart        ||    26
 Stab: Sleeping          ||     1
Armor: Robe              ||    12
Dodge: Dodged            ||    22
